 Dungeon Crawl Stone Soup version 0.31.0-12-g77e489cdc1 (webtiles) character file.

Game seed: 13828114393494363008

3219 jimmypageman the Carver (level 9, -2/75 HPs)
             Began as a Minotaur Fighter on Feb 28, 2024.
             Was a Follower of Okawaru.
             Killed from afar by a lindwurm (glowing shapeshifter) (39 damage)
             ... with a blast of flame
             ... in a bailey.
             The game lasted 00:14:57 (10267 turns).

jimmypageman the Carver (Minotaur Fighter)         Turns: 10267, Time: 00:14:58

Health: -2/75      AC: 16    Str: 21    XL:     9   Next: 65%
Magic:  9/10       EV:  9    Int: 11    God:    Okawaru [*.....]
Gold:   783        SH:  7    Dex: 14    Spells: 8/8 levels left

rFire   . . .        a - +0 long sword (freeze)
rCold   . . .        c - +0 buckler
rNeg    . . .        d - +0 plate armour
rPois   .            (helmet restricted)
rElec   .            (no cloak)
rCorr   .            (no gloves)
SInv    .            (no boots)
Will    .....        (no amulet) Stlth
                     k - +6 ring of intelligence
HPRegen 0.32/turn    (no ring)
MPRegen 0.12/turn

%: no passive effects
@: on fire, heroic, glowing
A: horns 2, retaliatory headbutt
a: Renounce Religion, Heroism


You were in a bailey.
You worshipped Okawaru.
Okawaru was aware of your devotion.
You visited 2 branches of the dungeon, and saw 8 of its levels.
You also visited: Bailey.

You collected 990 gold pieces.
You spent 207 gold pieces at shops.

Inventory:

Hand Weapons
 a - a +0 long sword of freezing (weapon)
Missiles
 s - a poisoned dart
 x - 2 atropa-tipped darts
Armour
 c - a +0 buckler (worn)
 d - a +0 plate armour (worn)
Jewellery
 k - a +6 ring of intelligence (left hand)
Wands
 o - a wand of flame (28)
 p - a wand of polymorph (8) (quivered)
Scrolls
 b - 2 scrolls of teleportation
 f - 3 scrolls of vulnerability {unknown}
 g - a scroll of brand weapon
 j - a scroll of blinking
 n - 3 scrolls of fog
Potions
 i - 3 potions of heal wounds
 m - a potion of haste {unknown}
 q - 2 potions of brilliance {unknown}
 r - a potion of mutation {unknown}
 t - a potion of ambrosia {unknown}
 w - a potion of enlightenment {unknown}


   Skills:
 + Level 6.2(11.2) Fighting
 * Level 11.4(16.4) Long Blades
 + Level 0.1(5.1) Throwing
 + Level 8.2(13.2) Armour
 + Level 1.7(6.7) Dodging
 * Level 6.9(11.9) Shields
 * Level 3.1 Invocations
 + Level 1.3 Evocations


You had 8 spell levels left.
You didn't know any spells.
Your spell library contained the following spells:

 Spells                   Type           Power      Damage    Failure   Level
 Fugue of the Fallen      Necr           0%         N/A       100%        3
 Ozocubu's Armour         Ice            0%         N/A       100%        3
 Cause Fear               Hex            0%         N/A       100%        4
 Manifold Assault         Tloc           0%         N/A       100%        4
 Alistair's Intoxication  Alch           0%         N/A       100%        5
 Borgnjor's Vile Clutch   Necr/Erth      0%         N/A       100%        5
 Fireball                 Conj/Fire      0%         3d3       100%        5
 Eringya's Noxious Bog    Alch           0%         4d6       100%        6
 Dragon's Call            Summ           Unusable   N/A       N/A         9

Dungeon Overview and Level Annotations

Branches:
Dungeon (7/15)             Temple (1/1) D:5          Bailey (1/1)

Altars:
Ashenzari
Cheibriados
Dithmenos
Elyvilon
Fedhas
Gozag
Hepliaklqana
Kikubaaqudgha
Makhleb
Okawaru
Qazlal
Ru
Sif Muna
Trog
Uskayaw
Xom
Yredelemnul
Zin
The Shining One

Shops:
D:1 (   D:3 *   D:5 [   D:6 *

Annotations:
D:4 2 transporters
Temple 2 transporters


Innate Abilities, Weirdness & Mutations

You have a pair of horns on your head.
You reflexively headbutt those who attack you in melee.


Message History

Press: ? - help, Q - select action, (/) - cycle Shift-Dir - straight line, f - orc knight
Aim: an orc knight, wielding a +0 war axe and wearing a +0 chain mail (will become a death drake, a glowing shapeshifter, or a dream sheep, chance to affect: 34%)
The orc knight easily resists.
Unknown command.
Aiming: Polymorph
Press: ? - help, Q - select action, (/) - cycle Shift-Dir - straight line, f/p - orc knight
Aim: an orc knight, wielding a +0 war axe and wearing a +0 chain mail (will become a death drake, a glowing shapeshifter, or a dream sheep, chance to affect: 34%)
The orc knight easily resists.
Aiming: Polymorph
Press: ? - help, Q - select action, (/) - cycle Shift-Dir - straight line, f/p - orc knight
Aim: an orc knight, wielding a +0 war axe and wearing a +0 chain mail (will become a death drake, a glowing shapeshifter, or a dream sheep, chance to affect: 34%)
The orc knight evaporates and reforms as a glowing shapeshifter!
Aiming: Polymorph
Press: ? - help, Q - select action, (/) - cycle Shift-Dir - straight line, f/p - glowing shapeshifter
Aim: a glowing shapeshifter (will become a troll, a jumping spider, or a glass eye, chance to affect: 9%)
The glowing shapeshifter looks momentarily different.
The glowing shapeshifter changes into a sun moth!
You block the sun moth's attack.
The sun moth's wings beat fiercely.
The flurry of pyrophoric scales hits you.
You are covered in intense liquid fire!
You closely miss the sun moth.
You headbutt the sun moth, but do no damage.
The liquid fire burns you!
The sun moth changes into an orb spider!
You slash the orb spider! You freeze the orb spider.
You headbutt the orb spider!
The orb spider is heavily wounded.
The liquid fire burns you!
The orb spider changes into a lindwurm!
You hit the lindwurm but do no damage.
The lindwurm is lightly wounded.
The liquid fire burns you!
You slash the lindwurm! You freeze the lindwurm.
The lindwurm is heavily wounded.
The liquid fire burns you! The lindwurm breathes flames at you.
The blast of flame hits you!!!
Ouch! That really hurt!
You die...

'o8.8.8.#....#
#####...######≈≈≈≈≈#
... #.~≈≈≈≈≈# ...
#.~≈≈≈≈.######
####''#.~≈≈≈≈......#
#.....#.~≈≈≈≈......###
#.....'..............#
#..⌠.)').........∩..∩#
#....)'..)k@.........#
#....)#.~≈≈≈≈......###
#####''#.~≈≈≈≈......#
#......#.~≈≈≈≈.######
#..))..#.~≈≈≈≈≈#
#####...######≈≈≈≈≈#
).8.8.8.#....#≈≈≈≈≈#
#)......#....#≈≈≈≈≈#
#########.)#'#≈≈≈≈≈#


You could see a lindwurm shaped shifter (catching breath).

Vanquished Creatures
  An orc sorcerer (Bailey)
  A water moccasin (D:6)
  2 ice beasts
  A sky beast (D:6)
  6 orc warriors (Bailey)
  An ogre (D:6)
  2 phantoms
  3 scorpions
  5 wights
  3 electric eels (Bailey)
  2 jellies
  4 bombardier beetles
  4 hounds
  3 orc priests
  2 sleepcaps (D:5)
  4 iguanas
  6 orc wizards
  Robin (D:2)
  15 gnolls
  7 adders
  2 shadow imps
  2 white imps (D:5)
  2 ufetubi (D:5)
  4 dart slugs
  4 ribbon worms
  25 orcs
  6 endoplasms
  3 giant cockroaches
  18 hobgoblins
  8 jackals
  A kobold (D:1)
  5 quokkas
  5 ball pythons
  4 bats
  4 frilled lizards
  26 goblins
  6 rats
198 creatures vanquished.

Notes
Turn   | Place    | Note
-------+----------+-------------------------------------------
     0 | D:1      | jimmypageman the Minotaur Fighter began the quest for the
                  | Orb.
     0 | D:1      | Reached XP level 1. HP: 19/19 MP: 0/0
   111 | D:1      | Reached XP level 2. HP: 26/27 MP: 1/1
   164 | D:1      | Found a faded altar of an unknown god.
   303 | D:1      | Found Laikob's Weapon Boutique.
   557 | D:1      | Reached skill level 3 in Long Blades
   773 | D:2      | Reached XP level 3. HP: 33/33 MP: 2/2
   774 | D:2      | Found a burning altar of Makhleb.
  2177 | D:2      | Reached XP level 4. HP: 40/40 MP: 3/3
  2314 | D:2      | Identified the +1 helmet of Yppeutt {-Cast Harm rC+ Stlth+}
  2314 | D:2      | Noticed Robin
  2570 | D:2      | Killed Robin
  2804 | D:2      | Reached skill level 4 in Long Blades
  3294 | D:2      | Reached skill level 5 in Armour
  3294 | D:2      | Reached XP level 5. HP: 37/46 MP: 4/4
  4204 | D:3      | Found Bosa's General Store.
  4386 | D:3      | Reached XP level 6. HP: 49/52 MP: 5/5
  4561 | D:4      | Reached skill level 5 in Long Blades
  5104 | D:4      | Reached skill level 6 in Long Blades
  5226 | D:4      | Noticed a kobold demonologist
  5227 | D:4      | Found a transporter.
  5230 | D:4      | Found a transporter.
  5699 | D:4      | Reached skill level 1 in Dodging
  5699 | D:4      | Reached skill level 5 in Shields
  5699 | D:4      | Reached XP level 7. HP: 60/60 MP: 6/6
  6237 | D:5      | Entered Level 5 of the Dungeon
  6285 | D:5      | Reached skill level 5 in Fighting
  6401 | D:5      | Reached skill level 7 in Long Blades
  6510 | D:5      | Found a staircase to the Ecumenical Temple.
  6533 | Temple   | Found a transporter.
  6533 | Temple   | Found a transporter.
  6533 | Temple   | Found a transporter.
  6533 | Temple   | Found a transporter.
  6533 | Temple   | Entered the Ecumenical Temple
  6546 | Temple   | Became a worshipper of Warmaster Okawaru
  6691 | D:5      | Reached XP level 8. HP: 67/69 MP: 7/7
  6708 | D:5      | Found Duluwnir's Armour Emporium.
  6978 | D:6      | Reached skill level 8 in Long Blades
  7128 | D:6      | Reached skill level 1 in Invocations
  7234 | D:6      | Reached skill level 9 in Long Blades
  7787 | D:6      | Found Vofatil's Assorted Antiques.
  7791 | D:6      | Bought a grey potion for 17 gold pieces
  7791 | D:6      | Bought a scroll of identify for 38 gold pieces
  7791 | D:6      | Bought a scroll labelled PEACKA KOIDIL for 19 gold pieces
  7791 | D:6      | Bought 2 scrolls labelled ACVIN OZIRCHUI for 38 gold pieces
  7791 | D:6      | Bought a pearl ring for 95 gold pieces
  7862 | D:6      | Reached * piety under Okawaru
  7919 | D:6      | Reached skill level 10 in Long Blades
  8546 | D:6      | Reached XP level 9. HP: 42/71 MP: 9/9
  8970 | D:7      | Found a flagged portal.
  8991 | Bailey   | Entered a bailey
  9765 | Bailey   | Acquired 651 gold pieces
  9791 | Bailey   | Noticed an orc sorcerer
  9800 | Bailey   | Paralysed by an orc sorcerer for 5 turns
  9811 | Bailey   | Killed an orc sorcerer
  9812 | Bailey   | Reached skill level 11 in Long Blades
  9936 | Bailey   | Found the +8 mithril axe "Arga" {speed, Will+}
  9974 | Bailey   | Reached skill level 1 in Evocations
 10104 | Bailey   | Noticed an orc knight
 10260 | Bailey   | an orc knight changed into a glowing shapeshifter
 10260 | Bailey   | Noticed a glowing shapeshifter
 10261 | Bailey   | a glowing shapeshifter changed into a sun moth
 10261 | Bailey   | Noticed a sun moth (glowing shapeshifter)
 10264 | Bailey   | a sun moth changed into an orb spider
 10264 | Bailey   | Noticed an orb spider (glowing shapeshifter)
 10265 | Bailey   | an orb spider changed into a lindwurm
 10265 | Bailey   | Noticed a lindwurm (glowing shapeshifter)
 10267 | Bailey   | Killed from afar by a lindwurm (glowing shapeshifter)

Illustrated notes

Levels and vault maps discovered:
D:1:      wander_arrival_lonely_grave, layout_basic,
          hellmonk_ecumenical_altar_dog_temple, serial_shops, shop_statue
D:2:      layout_loops_cross, basic_altar, nicolae_grassy_gnolls, uniq_robin
D:3:      layout_basic, serial_shops, nicolae_shop_tiny_glass
D:4:      gammafunk_wand_slinger, layout_loops_corners, minmay_bisected
D:5:      layout_rooms, minmay_temple_entry_sparse_star,
          chequers_serial_rivers_room_a, nicolae_stop_n_shop_2
D:6:      layout_cave_pools, serial_shops, shop
D:7:      layout_basic, nicolae_wu_jian_immortal_techniques, enter_bailey_7,
          uniq_menkaure
Temple:   hellmonk_temple_divided_pantheon
Bailey:   bailey_axe_of_yendor_kennysheep, bailey

Skill      XL: |  1  2  3  4  5  6  7  8  9 |
---------------+----------------------------+-----
Shields        | 4 5 6 |  6.9
Armour         | 4 5 6 7 8 |  8.2
Long Blades    | 3 4 6 7 10 11 | 11.4
Fighting       | 4 5 6 |  6.2
Dodging        | 1 |  1.7
Invocations    | 2 3 |  3.1
Evocations     | 1 |  1.3
Throwing       | |  0.1

Action                     |  1- 3 |  4- 6 |  7- 9 || total
---------------------------+-------+-------+-------++-------
  Melee: Long sword        |    60 |   249 |   313 ||   622
         Headbutt          |     9 |    35 |    61 ||   105
  Throw: Dart              |       |       |     5 ||     5
 Invoke: Heroism           |       |       |     6 ||     6
  Evoke: Wand              |       |       |    12 ||    12
    Use: Potion            |       |     5 |     2 ||     7
         Scroll            |       |       |    13 ||    13
 Armour: Scale mail        |    63 |    10 |       ||    73
         Chain mail        |       |   187 |       ||   187
         Plate armour      |       |    67 |   271 ||   338
  Dodge: Dodged            |    47 |   110 |    73 ||   230
  Block: Buckler           |    22 |    65 |    74 ||   161
